 Dungeon Crawl Stone Soup version 0.30-a0-219-gf2db51d15e (webtiles) character file.

Game seed: 14845863364044852761

1591 kae the Sneak (level 8, -7/40 HPs)
             Began as a Spriggan Enchanter on Oct 7, 2022.
             Was an Initiate of Dithmenos.
             Splashed by a jelly's acid (9 damage)
             ... on level 7 of the Dungeon.
             The game lasted 00:06:19 (6226 turns).

kae the Sneak (Spriggan Enchanter)                  Turns: 6226, Time: 00:06:20

Health: -7/40      AC:  3    Str:  4    XL:     8   Next: 61%
Magic:  17/17      EV: 18    Int: 19    God:    Dithmenos [......]
Gold:   1446       SH:  5    Dex: 15    Spells: 6/17 levels left

rFire   . . .      SeeInvis +    a - +1 dagger (venom)
rCold   . . .      Faith    .    n - +0 buckler
rNeg    . . .      Spirit   .    b - +1 robe
rPois   .          Reflect  .    (helmet restricted)
rElec   .          Harm     .    (no cloak)
rCorr   .          Rampage  .    (gloves unavailable)
Will    +....                    (boots unavailable)
Stlth   ++++......               (no amulet)
HPRegen 0.26/turn                Z - ring of wizardry
MPRegen 0.15/turn                (no ring)

@: very quick
A: very small, no large weapons, unfitting armour, see invisible, speed 3
a: Renounce Religion


You were on level 7 of the Dungeon.
You worshipped Dithmenos.
Dithmenos was noncommittal.
You visited 2 branches of the dungeon, and saw 8 of its levels.

You collected 1446 gold pieces.


Innate Abilities, Weirdness & Mutations

You are very small and have problems with some larger weapons.
You are too small for most types of armour.
You have supernaturally acute eyesight. (SInv)
You cover ground extremely quickly. (Speed+++)


   Skills:
 + Level 3.0 Fighting
 * Level 6.4 Short Blades
 + Level 6.0 Dodging
 + Level 7.6 Stealth
 + Level 5.4 Spellcasting
 + Level 6.3 Hexes


You had 6 spell levels left.
You knew the following spells:

 Your Spells              Type           Power      Damage    Failure   Level
a - Ensorcelled Hibernat  Hex/Ice        34%        N/A       4%          2
b - Confusing Touch       Hex            29%        N/A       2%          3
c - Tukima's Dance        Hex            29%        N/A       2%          3
d - Dazzling Flash        Conj/Hex       34%        N/A       9%          3

Your spell library contained the following spells:

 Spells                   Type           Power      Damage    Failure   Level
 Kiss of Death            Conj/Necr      20%        2d7       11%         1
 Cigotuvi's Dreadful Rot  Necr/Pois/Air  10%        N/A       16%         2
 Poisonous Vapours        Pois/Air       10%        N/A       16%         2
 Mephitic Cloud           Conj/Pois/Air  5%         N/A       30%         3
 Dispel Undead            Necr           5%         3d7       67%         4

Inventory:

Hand Weapons
 a - a +1 dagger of venom (weapon)
 q - a +0 dagger of holy wrath
   (You found it on level 4 of the Dungeon)
Missiles
 d - 23 stones (quivered)
 f - 3 throwing nets {=f!f}
 u - 7 boomerangs
 y - 6 poisoned darts
Armour
 b - a +1 robe (worn)
 n - a +0 buckler (worn)
   (You took it off a gnoll sergeant on level 6 of the Dungeon)
Magical Staves
 s - a staff of earth {!a}
   (You found it on level 3 of the Dungeon)
 x - a staff of earth {!a}
   (You found it on level 4 of the Dungeon)
Jewellery
 Z - a ring of wizardry (left hand)
   (You found it on level 3 of the Dungeon)
Wands
 p - a wand of charming (14)
   (You found it on level 3 of the Dungeon)
 r - a wand of flame (25)
   (You took it off Ijyb on level 3 of the Dungeon)
Scrolls
 l - 2 scrolls of immolation {!r!r}
 t - a scroll of enchant armour
 w - a scroll of brand weapon
Potions
 c - 3 potions of invisibility
 e - 2 potions of degeneration {unknown}
 g - 2 potions of brilliance {unknown}
 h - 5 potions of heal wounds {@q2}
 i - 2 potions of ambrosia {unknown}
 j - a potion of berserk rage {unknown}
 k - 3 potions of cancellation
 m - a potion of curing {@q1}
 o - a potion of attraction {unknown}
 v - 2 potions of resistance {unknown}
 z - 3 potions of mutation {unknown}
 A - a potion of flight {unknown}
 C - a potion of might

Dungeon Overview and Level Annotations

Branches:
Dungeon (7/15) Zot: 26985  Temple (1/1) D:4 Zot: 5974

Altars:
Ashenzari
Cheibriados
Dithmenos
Hepliaklqana
Kikubaaqudgha
Makhleb
Nemelex Xobeh
Qazlal
Ru
Trog
Vehumet
Xom
Yredelemnul
Zin
The Shining One

Shops:
D:4 *:

Annotations:
D:6 2 transporters

#..............
#..............
#............
#.........## ##
#.........#.#.# .
#........##.. .#
#..<.....#..# )..
##.......##J# ..
#.....#..@.##.#
#.....#.##...#
##......#.?C.#
#...#..##....g!.#
#...##.#.#.#.#.#.
#...##.## ##.# #
#...##.. .
....###.# #
#...## ..


You could see a cyclops, a gnoll sergeant and a jelly.


Message History

Casting: Ensorcelled Hibernation (safe; 4% risk of failure)
Confirm with . or Enter, or press ? or * to list all spells.
You can't see any susceptible monsters within range! (Use Z to cast anyway.)
You see here a black bear corpse.
Search for what [Enter for "helm", or ? for help]? dith Sorry, I don't know how to get there.
(D) Dungeon (T) Temple
Where to? (Enter - D:6 @ (x,y), ? - help) Sorry, I don't know how to get there. 😕 HP[+6] MP[+4]
You regained 6 hp, and now have 38/40 hp.
You regained 4 mp, and now have 13/17 mp.
Really walk into that teleport trap?
You enter a teleport trap!
The teleport trap disappears.
Your surroundings suddenly seem different.
(D) Dungeon (T) Temple
Where to? (Enter - D:6 @ (x,y), ? - help) 😎 HP[+2] MP[+1]
Your hp is fully restored (40). 😎 MP[+1]
There is a shadowy altar of Dithmenos here.
You kneel at the altar of Dithmenos.
Dithmenos welcomes you!
You now have 1446 gold pieces (gained 8).
There is a shadowy altar of Dithmenos here.
Found an ancient bone altar of Kikubaaqudgha. 😎 MP[+2]
Your mp is fully restored (17).
Key pressed, stopping explore.
The gnoll bouda shouts!
You hear a shout! x3
The gnoll sergeant shouts!
You see here a +0 shortbow.
Key pressed, stopping explore.
i - 2 glowing orange potions (gained 1)
The gnoll shouts!
The gnoll shouts!
Key pressed, stopping explore.
No reachable target in view!
No reachable target in view!
Partly explored, unvisited transporter.
Partly explored, unvisited transporter.
No target in view!
No target in view!
Partly explored, unvisited transporter.
No target in view!
No target in view!
Partly explored, unvisited transporter.
Partly explored, unvisited transporter.
As you read the scroll labelled VEC ATHRAMUA, it crumbles to dust.
Your body is wracked with pain!
It was a scroll of torment. 😮 HP[-19]
You take 19 damage, and now have 21/40 hp.
MASSIVE DAMAGE!! (PAUSE)
As you read the scroll of identify {@r1}, it crumbles to dust.
C - a potion of might
Okay, then.
Partly explored, unvisited transporter. 😕 HP[+13]
You regained 13 hp, and now have 34/40 hp.
Partly explored, unvisited transporter.
Partly explored, unvisited transporter.
You start resting. 😎 HP[+6]
Your hp is fully restored (40).
(D) Dungeon (T) Temple
Where to? (Enter - D:6 @ (x,y), ? - help)
There is a stone staircase leading down here.
You climb downwards.
There is a stone staircase leading up here.
Okay, then.
You pick up a book of Touch and begin reading...
You add the spells Kiss of Death and Dispel Undead to your library.
A wight comes into view. It is wielding a +0 long sword.
A wight is nearby!
A jelly and a cyclops come into view.
The wight closely misses you.
You see here a scroll labelled MUTANG LORIMAL.
There are monsters nearby!
You closely miss the wight.
The cyclops shouts!
You hear a shout! x3
The jelly quivers.
You hit the wight. You block the wight's attack.
A centaur comes into view.
There are monsters nearby!
You closely miss the wight.
The centaur wields a +0 shortbow.
The centaur shoots an arrow.
You block the arrow.
The wight hits you with a +0 long sword!
A gnoll sergeant comes into view. It is wielding a +0 spear.
You hit the wight. You block the wight's attack. The cyclops hits you!!
Ouch! That really hurt!
* * * LOW HITPOINT WARNING * * *
😱 HP[-36]
You take 36 damage, and now have 4/40 hp.
MASSIVE DAMAGE!! (PAUSE)
The jelly hits you.
* * * LOW HITPOINT WARNING * * *
You are splashed with acid!
You die...

Skill      XL: |  1  2  3  4  5  6  7  8 |
---------------+-------------------------+-----
Hexes          | 4 5 6 |  6.3
Dodging        | 3 4 5 6 |  6.0
Short Blades   | 2 3 4 5 6 |  6.4
Spellcasting   | 3 4 5 |  5.4
Fighting       | 1 2 3 |  3.0
Stealth        | 5 6 7 |  7.6

Action                   |  1- 3 |  4- 6 |  7- 9 || total
-------------------------+-------+-------+-------++-------
Melee: Dagger            |    83 |   191 |    80 ||   354
       Punch             |       |     4 |       ||     4
 Cast: Ensorcelled Hiber |    13 |     8 |    28 ||    49
       Confusing Touch   |       |       |     2 ||     2
Evoke: Wand              |       |       |     1 ||     1
  Use: Scroll            |     3 |     7 |     3 ||    13
       Potion            |       |       |     2 ||     2
 Stab: Sleeping          |    14 |    15 |    16 ||    45
       Distracted        |     1 |       |       ||     1
       Confused          |       |       |     2 ||     2
Armor: Robe              |     3 |    10 |     8 ||    21
Dodge: Dodged            |    84 |   146 |    90 ||   320
Block: Buckler           |       |       |    12 ||    12

Levels and vault maps discovered:
D:1:      dpeg_arrival_another_circle, layout_rooms
D:2:      layout_loops_ring, minmay_tall_x
D:3:      kennysheep_goblin_castle, layout_rooms, makhleb_altar_promises_db,
          lemuel_doored_altar, shapermc_ecumenical_altar_totnotflames
D:4:      layout_loops_cross, minmay_temple_entry_glass, serial_shops,
          nicolae_stop_n_shop_1, nicolae_shop_overcharged_wands
D:5:      layout_basic, kennysheep_mini, mainiacjoe_overflow_cross_hatched,
          nemelex_spade_bored_becter, chei_slow_surprise
D:6:      layout_cave_pools, lemuel_zombie_altar_kikubaaqudgha,
          lemuel_tele_altar, nicolae_overflow_crystal_walls,
          gammafunk_ghost_gnarly_gnolls, uniq_maggie
D:7:      minmay_the_grid_plus [minmay_the_grid_box_x,
          minmay_the_grid_spin_star, minmay_the_grid_tiny_cups,
          minmay_the_grid_spikes, minmay_the_grid_prize_big_room],
          layout_cave_pods, uniq_pikel
Temple:   hellmonk_temple_two_chambers

Notes
Turn   | Place    | Note
-------+----------+-------------------------------------------
     0 | D:1      | kae the Spriggan Enchanter began the quest for the Orb.
     0 | D:1      | Reached XP level 1. HP: 9/9 MP: 5/5
     0 | D:1      | magus.rc [v1.11.3]
   178 | D:1      | Reached XP level 2. HP: 10/13 MP: 6/6
   205 | D:1      | Learned a level 2 spell: Ensorcelled Hibernation
   543 | D:1      | Reached skill level 4 in Hexes
   883 | D:2      | Reached skill level 3 in Dodging
   906 | D:2      | You pick up a book of Vapours and begin reading...
   906 | D:2      | You add the spells Poisonous Vapours, Cigotuvi's Dreadful
                  | Rot and Mephitic Cloud to your library.
  1089 | D:2      | Reached skill level 2 in Short Blades
  1163 | D:1      | Reached skill level 3 in Spellcasting
  1163 | D:1      | Reached XP level 3. HP: 14/17 MP: 4/8
  1365 | D:2      | Reached XP level 4. HP: 21/21 MP: 7/9
  1539 | D:2      | Reached skill level 1 in Fighting
  1852 | D:3      | Reached skill level 5 in Stealth
  1878 | D:3      | HP: 5/22 [orc/+0 trident (3)]
  1960 | D:3      | Reached skill level 3 in Short Blades
  1968 | D:3      | Reached XP level 5. HP: 25/25 MP: 5/11
  2067 | D:3      | Found a faded altar of an unknown god.
  2265 | D:3      | Found a burning altar of Makhleb.
  2270 | D:3      | Noticed a cacodemon
  2287 | D:3      | Noticed a hellwing
  2287 | D:3      | Noticed a smoke demon
  2320 | D:3      | Found a bloodstained altar of Trog.
  2582 | D:3      | Noticed Ijyb
  2602 | D:3      | HP: 5/25 [Ijyb/+6 club (8)]
  2605 | D:3      | Killed Ijyb
  2724 | D:3      | Learned a level 3 spell: Confusing Touch
  2728 | D:3      | Learned a level 3 spell: Tukima's Dance
  2732 | D:3      | Learned a level 3 spell: Dazzling Flash
  2765 | D:4      | Found Dicla's Book Boutique.
  2779 | D:4      | Found Yseoff's Overcharged Wands.
  2813 | D:4      | Found a staircase to the Ecumenical Temple.
  2827 | Temple   | Entered the Ecumenical Temple
  3297 | D:4      | Identified a scroll of acquirement
  3297 | D:4      | Acquired 965 gold pieces
  3511 | D:5      | Entered Level 5 of the Dungeon
  3568 | D:5      | Reached skill level 4 in Dodging
  3568 | D:5      | Reached XP level 6. HP: 30/30 MP: 12/12
  3703 | D:5      | Reached skill level 4 in Short Blades
  3741 | D:5      | Found a glowing silver altar of Zin.
  3769 | D:5      | Reached skill level 4 in Spellcasting
  3769 | D:5      | Reached skill level 5 in Hexes
  3844 | D:5      | Found a snail-covered altar of Cheibriados.
  4213 | D:5      | Found a sparkling altar of Nemelex Xobeh.
  4294 | D:5      | Found a sacrificial altar of Ru.
  4308 | D:5      | Reached skill level 6 in Stealth
  4342 | D:5      | Reached XP level 7. HP: 24/34 MP: 11/14
  4416 | D:5      | Reached skill level 2 in Fighting
  4619 | D:6      | Noticed Maggie
  4643 | D:5      | Killed Maggie
  4644 | D:5      | Reached skill level 5 in Short Blades
  4644 | D:5      | Reached skill level 5 in Dodging
  4878 | D:5      | HP: 7/35 [killer bee (7)]
  4883 | D:5      | Reached XP level 8. HP: 4/39 MP: 9/16
  4889 | D:5      | Reached skill level 7 in Stealth
  5107 | D:6      | Reached skill level 5 in Spellcasting
  5214 | D:6      | Reached skill level 6 in Short Blades
  5214 | D:6      | Reached skill level 6 in Hexes
  5432 | D:6      | Found a stormy altar of Qazlal.
  5516 | D:6      | Found a transporter.
  5578 | D:6      | Found a shadowy altar of Dithmenos.
  5761 | D:6      | Reached skill level 3 in Fighting
  5761 | D:6      | Reached skill level 6 in Dodging
  5824 | D:6      | Became a worshipper of Dithmenos the Shadowed
  5863 | D:6      | Found an ancient bone altar of Kikubaaqudgha.
  5996 | D:6      | Found a transporter.
  6209 | D:7      | You pick up a book of Touch and begin reading...
  6209 | D:7      | You add the spells Kiss of Death and Dispel Undead to your
                  | library.
  6219 | D:7      | Noticed a cyclops
  6224 | D:7      | HP: 4/40 [cyclops (25)]
  6226 | D:7      | Splashed by a jelly's acid

Vanquished Creatures
  Maggie (D:5)
  2 sky beasts (D:6)
  A black bear (D:6)
  2 centaurs
  3 scorpions
  A gnoll sergeant (D:6)
  5 killer bees (D:5)
  A jelly (D:6)
  An iguana (D:5)
  An iron imp (D:5)
  Ijyb (D:3)
  An orc wizard (D:3)
  13 gnolls
  7 adders
  2 shadow imps
  A white imp (D:6)
  A worm (D:4)
  2 dart slugs
  10 orcs
  9 endoplasms
  2 giant cockroaches
  17 goblins
  4 hobgoblins
  3 jackals (D:3)
  4 quokkas
  3 ball pythons
  5 bats
  5 frilled lizards
  3 kobolds
  9 rats
  A rat zombie (D:6)
121 creatures vanquished.

Vanquished Creatures (others)
  A goblin (D:3)
  6 plants (D:6)
7 creatures vanquished.

Grand Total: 128 creatures vanquished

Table legend:
 A = Non-vault XP
 B = Vault XP
 C = Vault XP percentage of total XP
 D = Non-vault monster count
 E = Vault monster count
 F = Vault count percentage of total count
                 A         B        C        D         E       F
            +---------+---------+-------+---------+---------+-------
      Total |    1800 |     473 |  20.8 |     103 |      18 |  14.9
            +---------+---------+-------+---------+---------+-------
        D:1 |      43 |       0 |   0.0 |      20 |       0 |   0.0
        D:2 |      80 |       7 |   8.0 |      19 |       4 |  17.4
        D:3 |      92 |      56 |  37.8 |      16 |      11 |  40.7
        D:4 |      99 |       0 |   0.0 |      18 |       0 |   0.0
        D:5 |     722 |     409 |  36.2 |      18 |       2 |  10.0
        D:6 |     764 |       1 |   0.1 |      12 |       1 |   7.7
            +---------+---------+-------+---------+---------+-------

Illustrated notes

Table legend:
 A = Kills in this place as a percentage of kills in entire the game.
 B = Kills by you in this place as a percentage of kills by you in the entire game.
 C = Kills by friends in this place as a percentage of kills by friends in the entire game.
 D = Other kills in this place as a percentage of other kills in the entire game.
 E = Experience gained in this place as a percentage of experience gained in the entire game.
 F = Experience gained in this place divided by the number of levels of this place that you have seen.
                   A       B       C       D       E      F
               +-------+-------+-------+-------+-------+----------------------
         Total | 100.0 | 100.0 |   N/A |   N/A | 100.0 | 284.1
       Dungeon | 100.0 | 100.0 |   N/A |   N/A | 100.0 | 324.7
               +-------+-------+-------+-------+-------+----------------------

Table legend: (Time is in decaauts)
 A = Elapsed time spent in this place.
 B = Non-inter-level travel time spent in this place.
 C = Inter-level travel time spent in this place.
 D = Time resting spent in this place.
 E = Time spent auto-exploring this place.
 F = Levels seen in this place.
 G = Mean time per level.
                   A        B        C        D        E       F      G
               +--------+--------+--------+--------+--------+-----+--------+
         Total |   4578 |   4403 |    175 |    810 |   2675 |   8 |  572.2 |
       Dungeon |   4553 |   4381 |    172 |    810 |   2654 |   7 |  650.4 |
        Temple |     25 |     22 |      3 |      0 |     20 |   1 |   25.0 |
               +--------+--------+--------+--------+--------+-----+--------+

Top non-repeatable levels by time:
     D:5: 1195 daAuts
     D:6: 817 daAuts
     D:2: 718 daAuts
     D:3: 689 daAuts
     D:1: 663 daAuts
     D:4: 455 daAuts
  Temple: 25 daAuts
     D:7: 14 daAuts
